 Dungeon Crawl Stone Soup version 0.30-b1-2-g02819fbbbe (webtiles) character file.

Game seed: 18399212014501615616

226 LLlMATKO the Trooper (level 5, 0/48 HPs)
             Began as a Minotaur Berserker on Sept 18, 2023.
             Was a Believer of Trog.
             Slain by Pikel
             ... wielding a +0 whip of freezing
              (4 damage)
             ... on level 4 of the Dungeon.
             The game lasted 00:01:50 (3159 turns).

LLlMATKO the Trooper (Minotaur Berserker)           Turns: 3159, Time: 00:01:51

Health: 0/48       AC:  2    Str: 24    XL:     5   Next: 69%
Magic:  4/4        EV: 12    Int:  4    God:    Trog [**....]
Gold:   217        SH:  0    Dex:  9    Spells: 4/4 levels left

rFire   . . .        a - +0 hand axe
rCold   . . .        (no shield)
rNeg    . . .        b - +0 animal skin
rPois   .            (helmet restricted)
rElec   .            (no cloak)
rCorr   .            (no gloves)
SInv    .            (no boots)
Will    .....        e - amulet of the acrobat
Stlth   +            (no ring)
HPRegen 0.28/turn    (no ring)
MPRegen 0.09/turn

%: acrobat
@: on berserk cooldown, slowed, very slow
A: horns 2, retaliatory headbutt
a: Renounce Religion, Berserk, Trog's Hand


You were on level 4 of the Dungeon.
You worshipped Trog.
Trog was pleased with you.
You visited 1 branch of the dungeon, and saw 4 of its levels.

You collected 217 gold pieces.

Inventory:

Hand Weapons
 a - a +0 hand axe (weapon)
Armour
 b - a +0 animal skin (worn)
Jewellery
 e - an amulet of the acrobat (around neck)
Scrolls
 d - 3 scrolls of teleportation {unknown}
 f - 2 scrolls of enchant armour {unknown}
 g - 2 scrolls of fog {unknown}
 h - a scroll of immolation {unknown}
 i - 3 scrolls of identify {unknown}
 k - a scroll of noise {unknown}
 q - a scroll of magic mapping {unknown}
 r - a scroll of fear {unknown}
 t - a scroll of enchant weapon {unknown}
Potions
 c - a potion of cancellation {unknown}
 j - 2 potions of brilliance {unknown}
 l - a potion of haste {unknown}
 m - 3 potions of mutation {unknown}
 n - a potion of attraction {unknown}
 o - a potion of lignification {unknown}
 p - a potion of heal wounds {unknown}
 s - 2 potions of flight {unknown}


   Skills:
 + Level 5.0 Fighting
 + Level 5.0 Axes
 + Level 4.1 Armour
 + Level 3.7 Dodging


You had 4 spell levels left.
You didn't know any spells.
Your spell library was empty.

Dungeon Overview and Level Annotations

Branches:
Dungeon (4/15)
 Temple: D:4-7

Altars:
Vehumet

Annotations:
D:3 exclusion: statue
D:4 1 runed translucent door, NimIero's ghost, amateur DrCj; Pikel


Innate Abilities, Weirdness & Mutations

You have a pair of horns on your head.
You reflexively headbutt those who attack you in melee.


Message History

Unknown command.
Pikel says, "You'll feel the lick of my whip!"
Found an escape hatch in the floor.
Unknown command.
You hit Pikel.
Pikel is lightly wounded.
Pikel hits you with a +0 whip of freezing!
Pikel freezes you.
A lemure comes into view.
The lemure shouts!
You hit Pikel. You headbutt Pikel, but do no damage.
Pikel is lightly wounded.
Pikel hits you with a +0 whip of freezing!
Pikel freezes you.
A lemure comes into view. x2
Pikel says, "I'm sure they'll be treated well, anyway."
Pikel hits you with a +0 whip of freezing!
* * * LOW HITPOINT WARNING * * *
Pikel freezes you.
* * * LOW HITPOINT WARNING * * *
You closely miss Pikel.
Pikel is lightly wounded.
The lemure shouts!
Pikel hits you with a +0 whip of freezing.
* * * LOW HITPOINT WARNING * * *
Pikel freezes you.
* * * LOW HITPOINT WARNING * * *
Pikel barely misses you.
You barely miss Pikel. Your headbutt misses Pikel.
Pikel is lightly wounded.
Pikel hits you with a +0 whip of freezing.
* * * LOW HITPOINT WARNING * * *
Pikel freezes you.
* * * LOW HITPOINT WARNING * * *
Unknown command.
You barely miss Pikel. Your headbutt misses Pikel.
Pikel is lightly wounded.
Pikel closely misses you.
Pikel hits you with a +0 whip of freezing.
You die...

### #.# #### #.# ...
#..... #######.#.#####
#.............# #@# #K#
#5#+###### #55......> #
+5........
####.#######.........
..<....?K....#..#+#....
##.#...†........#.#.#.#
#.....))..#..#.#.#.#


You could see Pikel and 4 lemures.

Vanquished Creatures
  Natasha (thrice) (D:2)
  Robin (D:4)
  A gnoll (D:2)
  5 adders
  A worm (D:2)
  A dart slug (D:2)
  An orc (D:3)
  3 bats (D:1)
  7 endoplasms
  6 giant cockroaches
  9 goblins
  12 hobgoblins
  4 jackals (D:1)
  6 kobolds
  3 quokkas
  6 ball pythons
  6 frilled lizards
  4 rats
79 creatures vanquished.

Vanquished Creatures (others)
  2 fungi (D:1)
  4 toadstools (D:1)
6 creatures vanquished.

Grand Total: 85 creatures vanquished

Notes
Turn   | Place    | Note
-------+----------+-------------------------------------------
     0 | D:1      | LLlMATKO the Minotaur Berserker began the quest for the
                  | Orb.
     0 | D:1      | Reached XP level 1. HP: 19/19 MP: 0/0
   104 | D:1      | Reached XP level 2. HP: 27/27 MP: 1/1
   642 | D:1      | Reached XP level 3. HP: 33/33 MP: 2/2
   935 | D:2      | Reached ** piety under Trog
  1085 | D:2      | Noticed Natasha
  1090 | D:2      | Killed Natasha
  1093 | D:2      | Reached XP level 4. HP: 40/41 MP: 3/3
  1237 | D:2      | Noticed Natasha
  1247 | D:2      | Killed Natasha
  1457 | D:2      | Reached XP level 5. HP: 35/47 MP: 4/4
  1929 | D:2      | Noticed Natasha
  1934 | D:2      | Killed Natasha
  2685 | D:3      | Found a radiant altar of Vehumet.
  2685 | D:3      | Noticed a charred statue
  2984 | D:4      | Found a runed translucent door.
  2986 | D:4      | Noticed NimIero's ghost (amateur DrCj)
  3129 | D:4      | Noticed Robin
  3135 | D:4      | Reached skill level 5 in Fighting
  3138 | D:4      | Killed Robin
  3139 | D:4      | Reached skill level 5 in Axes
  3142 | D:4      | Noticed a lemure
  3143 | D:4      | Noticed Pikel
  3155 | D:4      | Noticed a lemure
  3156 | D:4      | Noticed a lemure
  3156 | D:4      | Noticed a lemure
  3159 | D:4      | Slain by Pikel

Illustrated notes

Levels and vault maps discovered:
D:1:      lemuel_arrival_river_bridge, layout_basic, minmay_gold_behind_fungi,
          corexii_leaking_fountain
D:2:      minmay_skewed_foursquare, layout_rooms, kennysheep_generic_room_3,
          uniq_natasha
D:3:      layout_loops_cross, vehumet_statue
D:4:      layout_basic, mainiacjoe_overflow_six_doors_small,
          ebering_ghost_sewer_d, uniq_pikel, uniq_robin, uniq_menkaure

Skill      XL: |  1  2  3  4  5 |
---------------+----------------+-----
Fighting       | 4 5 |  5.0
Axes           | 4 5 |  5.0
Armour         | 3 4 |  4.1
Dodging        | 3 |  3.7

Action                     |  1- 3 |  4- 6 || total
---------------------------+-------+-------++-------
  Melee: Hand axe          |    65 |    89 ||   154
         Headbutt          |     6 |    18 ||    24
 Invoke: Berserk           |     1 |     1 ||     2
 Armour: Animal skin       |     6 |     6 ||    12
  Dodge: Dodged            |    41 |    55 ||    96
